 Dungeon Crawl Stone Soup version 0.25-a0-86-ga6f17ae7d4 (webtiles) character file.

Game seed: 2330477208342601189, levelgen mode: deterministic

2261 Gumption the Cleaver (level 9, -6/79 HPs)
             Began as a Minotaur Berserker on Nov 9, 2019.
             Was a Priest of Trog.
             Killed from afar by Erica (25 damage)
             ... with an orb of energy
             ... on level 8 of the Dungeon.
             The game lasted 00:27:24 (5484 turns).

Gumption the Cleaver (Minotaur Berserker)           Turns: 5484, Time: 00:27:24

Health: -6/79      AC:  7    Str: 22    XL:     9   Next: 15%
Magic:  8/8        EV: 15    Int:  5    God:    Trog [***...]
Gold:   324        SH:  0    Dex: 12    Spells: 8/8 levels left

rFire    + . .     SeeInvis .   a - +1 hand axe
rCold    . . .     Gourm    .   (no shield)
rNeg     . . .     Faith    .   g - +1 leather armour {rF+}
rPois    .         Spirit   .   (helmet restricted)
rElec    .         Reflect  .   (no cloak)
rCorr    .         Harm     .   (no gloves)
MR       .....                  r - +1 pair of boots
Stlth    ++........             (no amulet)
HPRegen  0.23/turn              c - ring of stealth
MPRegen  0.11/turn              (no ring)

@: slowed, very slow
A: retaliatory headbutt, horns 2
a: Berserk, Trog's Hand, Renounce Religion


You were on level 8 of the Dungeon.
You worshipped Trog.
Trog was most pleased with you.
You were not hungry.

You visited 2 branches of the dungeon, and saw 9 of its levels.

You collected 324 gold pieces.

Inventory:

Hand Weapons
 a - a +1 hand axe (weapon)
 b - a +0 hunting sling
 w - the +2 dagger "Malas" {holy, *Rage rC++ MR++}
   (You found it on level 4 of the Dungeon)

   It has been blessed by the Shining One to cause great damage to the undead
   and demons.
   It greatly protects you from cold.
   It affects your resistance to hostile enchantments.
   It may make you go berserk in combat.
Missiles
 j - 126 stones
 q - 28 poisoned darts (quivered)
 s - a throwing net
 v - 3 silver boomerangs
Armour
 g - a +1 leather armour of fire resistance (worn)
 r - a +1 pair of boots (worn)
Jewellery
 c - a ring of stealth (left hand)
Wands
 m - a wand of flame (18)
 B - a wand of polymorph (5)
Scrolls
 d - 5 scrolls of teleportation
 h - a scroll of enchant armour
 o - a scroll of enchant weapon
 t - 2 scrolls of remove curse
 y - a scroll of magic mapping
 A - 2 scrolls of fear
 C - a scroll of fog
Potions
 f - a potion of cancellation
 i - a potion of invisibility
 l - a potion of haste
 n - a potion of flight
 p - a potion of brilliance {unknown}
 x - 5 potions of curing
Comestibles
 e - 11 rations
 k - 3 chunks of flesh


   Skills:
 + Level 7.5 Fighting
 * Level 10.0 Axes
 + Level 6.9 Armour
 + Level 6.3 Dodging


You had 8 spell levels left.
You didn't know any spells.
Your spell library was empty.

Dungeon Overview and Level Annotations

Branches:
Dungeon (8/15)             Temple (1/1) D:7
   Lair: D:8-11

Altars:
Ashenzari
Cheibriados
Dithmenos
Elyvilon
Fedhas
Gozag
Hepliaklqana
Kikubaaqudgha
Makhleb
Nemelex Xobeh
Okawaru
Qazlal
Ru
Sif Muna
Trog
Uskayaw
Vehumet
Yredelemnul

Annotations:
D:8 Erica


Innate Abilities, Weirdness & Mutations

You reflexively headbutt those who attack you in melee.
You have a pair of horns on your head.


Message History

You are too injured to fight recklessly!
You hit Erica. Your headbutt misses Erica.
Erica is moderately wounded.
Erica points at you and mumbles some strange words.
The orb of energy hits you!!
* * * LOW HITPOINT WARNING * * *
The orb of energy explodes!
You slash Erica!
Erica is heavily wounded.
An adder skeleton comes into view.
Erica hits you with a +3 scimitar of flaming!
* * * LOW HITPOINT WARNING * * *
You completely miss Erica.
Erica is heavily wounded.
Erica closely misses you.
You slash Erica! You headbutt Erica.
Erica is heavily wounded.
Erica casts a spell at you. The orb of energy hits you!!
You die...

........#
....$...#
........#
?.......#
Z.....#
....######
#@......#
#.@..?..+
#.......#
#^..†...#
###....##
#..<.# #....#
####....#
#.#####.......#
........##....#


You could see Erica and an adder skeleton.

Vanquished Creatures
  Grinder (D:3)
  2 sky beasts
  2 centaurs
  3 ogres
  4 bullfrogs
  2 scorpions (D:6)
  3 killer bees (D:7)
  A howler monkey (D:6)
  3 wights (D:6)
  2 crimson imps
  A quasit (D:6)
  6 hounds
  An orc priest (D:7)
  2 bullfrog skeletons
  2 orc wizards (D:7)
  6 worker ants
  A killer bee zombie (D:5)
  4 gnolls (D:3)
  10 adders
  An ooze (D:1)
  An adder zombie (D:7)
  An adder skeleton (D:4)
  2 worms
  A dart slug (D:1)
  6 leopard geckos
  13 orcs
  7 bats
  4 giant cockroaches
  6 goblins
  6 hobgoblins
  2 jackals (D:2)
  8 kobolds
  A ball python (D:1)
  A frilled lizard (D:1)
  11 rats
127 creatures vanquished.

Notes
Turn   | Place    | Note
-------+----------+-------------------------------------------
     0 | D:1      | Gumption the Minotaur Berserker began the quest for the
                  | Orb.
     0 | D:1      | Reached XP level 1. HP: 19/19 MP: 0/0
    80 | D:1      | Reached XP level 2. HP: 27/27 MP: 1/1
    90 | D:1      | Reached skill level 4 in Axes
   463 | D:1      | Reached XP level 3. HP: 29/33 MP: 2/2
   659 | D:1      | Reached ** piety under Trog
   864 | D:2      | Found a hide-covered altar of Uskayaw.
   872 | D:2      | Noticed an ogre
   883 | D:2      | Killed an ogre
   883 | D:2      | Reached skill level 5 in Axes
   883 | D:2      | Reached XP level 4. HP: 15/41 MP: 3/3
   894 | D:2      | Reached XP level 5. HP: 14/47 MP: 4/4
  1897 | D:3      | Noticed Grinder
  1908 | D:3      | Killed Grinder
  1908 | D:3      | Reached skill level 5 in Fighting
  1908 | D:3      | Reached skill level 6 in Axes
  1908 | D:3      | Reached XP level 6. HP: 38/56 MP: 5/5
  2436 | D:4      | Found a bloodstained altar of Trog.
  2621 | D:4      | Got an ichor-stained dagger
  2810 | D:4      | Reached XP level 7. HP: 59/61 MP: 6/6
  3004 | D:5      | Entered Level 5 of the Dungeon
  3339 | D:5      | Reached skill level 7 in Axes
  3381 | D:5      | Found a sparkling altar of Nemelex Xobeh.
  3836 | D:6      | Reached *** piety under Trog
  3865 | D:6      | Reached skill level 5 in Armour
  3997 | D:6      | Reached skill level 8 in Axes
  3997 | D:6      | Reached XP level 8. HP: 27/70 MP: 7/7
  4024 | D:6      | Reached skill level 5 in Dodging
  4609 | D:6      | Identified the +2 dagger "Malas" {holy, *Rage rC++ MR++}
                  | (You found it on level 4 of the Dungeon)
  4769 | D:7      | Reached skill level 9 in Axes
  5009 | D:7      | Found a staircase to the Ecumenical Temple.
  5025 | Temple   | Entered the Ecumenical Temple
  5187 | D:7      | Reached XP level 9. HP: 79/79 MP: 8/8
  5470 | D:8      | Reached skill level 10 in Axes
  5471 | D:8      | Noticed Erica
  5484 | D:8      | Killed from afar by Erica

Levels and vault maps discovered:
D:1:      minmay_arrival_loop, layout_basic, serial_forest,
          infiniplex_forest_clump_diagonal, infiniplex_forest_clump_long,
          infiniplex_forest_lined_4_way, infiniplex_forest_lined_ring,
          infiniplex_forest_corner_2
D:2:      layout_basic, lemuel_doored_altar
D:3:      layout_basic, uniq_grinder
D:4:      layout_basic, lightli_temple_of_fire, dk_noncrumbling_4
D:5:      layout_gridville, first_ration, nemelex_lonely_heart_becter
D:6:      layout_cave_pools, bh_walls_and_bars
D:7:      layout_rooms, nicolae_overflow_hidden_temple,
          minmay_temple_entry_metal_lava
D:8:      layout_basic, kennysheep_mini_moat, lemuel_crystal_altar,
          hangedman_pestilent_swarm, uniq_harold, uniq_erica
Temple:   nicolae_temple_x_marks_the_god

Skill      XL: |  1  2  3  4  5  6  7  8  9 |
---------------+----------------------------+-----
Axes           | 4 5 6 8 9 10 | 10.0
Fighting       | 4 5 6 7 |  7.5
Armour         | 3 4 5 6 |  6.9
Dodging        | 3 4 6 |  6.3

Action                   |  1- 3 |  4- 6 |  7- 9 || total
-------------------------+-------+-------+-------++-------
Melee: Hand axe          |    61 |    98 |   191 ||   350
       Headbutt          |    12 |    13 |    49 ||    74
 Fire: Hunting sling     |       |     4 |    15 ||    19
Throw: Stone             |    21 |     5 |    13 ||    39
       Dart              |       |       |     6 ||     6
Invok: Berserk           |     1 |     1 |       ||     2
       Trog's Hand       |       |     2 |     3 ||     5
  Use: Scroll            |       |       |    16 ||    16
 Stab: Sleeping          |       |       |     2 ||     2
  Eat: Chunk             |       |     5 |     6 ||    11
       Ration            |       |     1 |     1 ||     2
Armor: Animal skin       |     5 |       |       ||     5
       Leather armour    |     2 |       |    21 ||    23
       Ring mail         |     1 |    28 |    30 ||    59
Dodge: Dodged            |    43 |    62 |   131 ||   236

Table legend:
 A = Non-vault XP
 B = Vault XP
 C = Vault XP percentage of total XP
 D = Non-vault monster count
 E = Vault monster count
 F = Vault count percentage of total count
                 A         B        C        D         E       F
            +---------+---------+-------+---------+---------+-------
      Total |    2958 |     272 |   8.4 |     126 |       1 |   0.8
            +---------+---------+-------+---------+---------+-------
        D:1 |      49 |       0 |   0.0 |      25 |       0 |   0.0
        D:2 |     200 |       0 |   0.0 |      27 |       0 |   0.0
        D:3 |      67 |     272 |  80.2 |       8 |       1 |  11.1
        D:4 |     220 |       0 |   0.0 |      10 |       0 |   0.0
        D:5 |     111 |       0 |   0.0 |       6 |       0 |   0.0
        D:6 |     938 |       0 |   0.0 |      18 |       0 |   0.0
        D:7 |    1044 |       0 |   0.0 |      29 |       0 |   0.0
        D:8 |     329 |       0 |   0.0 |       3 |       0 |   0.0
            +---------+---------+-------+---------+---------+-------
